 Dungeon Crawl Stone Soup version 0.25-a0-661-g55ea3d2 (webtiles) character file.

Game seed: 6351469301384025364, levelgen mode: deterministic

226 MrTaco21 the Cudgeler (level 6, -6/37 HPs)
             Began as a Gargoyle Fighter on Mar 23, 2020.
             Mangled by Duvessa
             ... wielding a +0 short sword
              (7 damage)
             ... on level 4 of the Dungeon.
             The game lasted 00:03:21 (2422 turns).

MrTaco21 the Cudgeler (Gargoyle Fighter)            Turns: 2422, Time: 00:03:22

Health: -6/37      AC: 13    Str: 22    XL:     6   Next: 1%
Magic:  6/6        EV:  7    Int:  8    God:
Gold:   156        SH:  9    Dex:  9    Spells: 5/5 levels left

rFire    . . .     SeeInvis .   a - +0 flail
rCold    . . .     Gourm    .   c - +0 kite shield
rNeg     + . .     Faith    .   b - +0 scale mail
rPois    ∞         Spirit   .   (no helmet)
rElec    +         Reflect  .   p - +0 cloak
rCorr    .         Harm     .   n - +0 pair of gloves
MR       .....                  (no boots)
Stlth    ..........             (no amulet)
HPRegen  0.12/turn              (no ring)
MPRegen  0.10/turn              (no ring)

@: no status effects
A: negative energy resistance 1, electricity resistance, unbreathing,
petrification resistance, rot immunity, AC +4
a: no special abilities


You were on level 4 of the Dungeon.
You were hungry.

You visited 1 branch of the dungeon, and saw 4 of its levels.

You collected 156 gold pieces.

Inventory:

Hand Weapons
 a - a +0 flail (weapon)
Missiles
 f - 8 poisoned darts (quivered)
Armour
 b - a +0 scale mail (worn)
 c - a +0 kite shield (worn)
 n - a +0 pair of gloves (worn)
   (You found it on level 2 of the Dungeon)
 p - a +0 cloak (worn)
   (You found it on level 3 of the Dungeon)
Scrolls
 h - 6 scrolls of identify {unknown}
 i - 4 scrolls of fog {unknown}
 j - 2 scrolls of teleportation {unknown}
 k - 6 scrolls of remove curse {unknown}
 r - a scroll of enchant weapon {unknown}
Potions
 d - a potion of might
 g - a potion of mutation {unknown}
 l - a potion of invisibility {unknown}
 m - a potion of ambrosia {unknown}
 o - 2 potions of curing {unknown}
 q - a potion of haste {unknown}
Comestibles
 e - 5 rations {!d}
 s - 3 chunks of flesh


   Skills:
 - Level 3.2 Fighting
 + Level 6.1 Maces & Flails
 - Level 3.2 Armour
 - Level 3.2 Shields


You had 5 spell levels left.
You didn't know any spells.
Your spell library was empty.

Dungeon Overview and Level Annotations

Branches:
Dungeon (4/15)
 Temple: D:4-7

Altars:

Annotations:
D:4 Duvessa


Innate Abilities, Weirdness & Mutations

You are resistant to torment.
Your stone body is resilient. (AC +4)
You are immune to poison.
You resist negative energy. (rN+)
You are resistant to electric shocks. (rElec)
You can survive without breathing.
You are immune to petrification.
You are immune to rotting.


Message History

You hit Duvessa.
Duvessa hits you with a +0 short sword. x2
You hit Duvessa but do no damage. You block Duvessa's attack.
Duvessa hits you but does no damage.
You hit Duvessa but do no damage.
The orc wizard gestures at you while chanting.
The puff of flame misses you.
The puff of flame hits Duvessa!
Duvessa hits you but does no damage.
The orc wizard gestures at you while chanting.
The magic dart hits you.
* * * LOW HITPOINT WARNING * * *
Duvessa hits you with a +0 short sword.
* * * LOW HITPOINT WARNING * * *
You block the orc wizard's attack.
Things that are here:
a +0 flail; a +0 leather armour; an orc corpse You block Duvessa's attack.
You block the orc wizard's attack.
You are too injured to fight recklessly!
You are too injured to fight recklessly!
You are too injured to fight recklessly!
You are too injured to fight recklessly!
You are too injured to fight recklessly!
You are too injured to fight recklessly!
You are too injured to fight recklessly!
You are too injured to fight recklessly!
You are too injured to fight recklessly!
Unknown command.
You closely miss the orc wizard. Duvessa hits you with a +0 short sword.
* * * LOW HITPOINT WARNING * * *
Duvessa hits you with a +0 short sword.
* * * LOW HITPOINT WARNING * * *
The orc wizard mumbles some strange words.
The orc wizard flickers and vanishes!
Deactivating autopickup; reactivate with Ctrl-A.
You miss something. You block Duvessa's attack.
Duvessa hits you but does no damage. Something hits you but does no damage.
You miss something. Duvessa hits you but does no damage.
Something hits you but does no damage. You block Duvessa's attack.
You closely miss something. Duvessa hits you but does no damage.
Something hits you but does no damage. Duvessa barely misses you.
You miss something.
You hear some strange, mumbled words.
Something tries to affect you, but you resist.
Duvessa hits you with a +0 short sword.
* * * LOW HITPOINT WARNING * * *
Something hits you but does no damage. Duvessa hits you with a +0 short sword!
You die...

#..................<..##
....#..........###.##..#
...#.......#####
#...#.###
#.......#....##
###......
##..###o..o)...# #######
###....# #o####...#
#<..# #r### ..≈#
#=.Z....# #Se)##..≈#≈
###e###.%.# ###@{..≈≈≈≈
... #.. ###...≈#≈ .e# .
...≈≈≈# .... ...#≈ #.##
..≈≈≈ .. ..≈≈ ..#.


You could see Duvessa (berserk), an adder, an orc and a rat.

Vanquished Creatures
  Dowan (D:4)
  A hound (D:4)
  An orc wizard (D:3)
  3 adders
  An ooze (D:1)
  An adder skeleton (D:4)
  6 worms
  2 dart slugs (D:1)
  4 orcs
  6 giant cockroaches
  5 goblins
  6 hobgoblins
  2 jackals (D:2)
  8 kobolds
  A quokka (D:2)
  10 bats
  5 frilled lizards
  10 rats
73 creatures vanquished.

Notes
Turn   | Place    | Note
-------+----------+-------------------------------------------
     0 | D:1      | MrTaco21 the Gargoyle Fighter began the quest for the Orb.
     0 | D:1      | Reached XP level 1. HP: 14/14 MP: 1/1
    44 | D:1      | Reached XP level 2. HP: 17/19 MP: 2/2
   143 | D:1      | Reached skill level 3 in Maces & Flails
   433 | D:1      | Reached XP level 3. HP: 23/23 MP: 3/3
   896 | D:2      | Reached skill level 4 in Maces & Flails
  1272 | D:3      | Reached XP level 4. HP: 27/28 MP: 4/4
  1974 | D:3      | Reached skill level 5 in Maces & Flails
  1974 | D:3      | Reached XP level 5. HP: 31/32 MP: 5/5
  2219 | D:4      | Noticed Duvessa
  2219 | D:4      | Noticed Dowan
  2401 | D:4      | Killed Dowan
  2401 | D:4      | Reached skill level 6 in Maces & Flails
  2401 | D:4      | Reached XP level 6. HP: 33/37 MP: 6/6
  2422 | D:4      | HP: 1/37 [Duvessa/+0 short sword (3)]
  2422 | D:4      | Mangled by Duvessa

Levels and vault maps discovered:
D:1:      lightli_arrival_boilingwater, layout_loops_cross
D:2:      layout_loops_ring, first_ration
D:3:      layout_basic
D:4:      layout_rooms, lightli_sewer_entry_pipes, uniq_duvessa

Skill      XL: |  1  2  3  4  5 |
---------------+----------------+-----
Maces & Flails | 3 4 5 6 |  6.1
Fighting       | |  3.2
Armour         | |  3.2
Shields        | |  3.2

Action                   |  1- 3 |  4- 6 || total
-------------------------+-------+-------++-------
Melee: Flail             |   168 |   169 ||   337
  Eat: Chunk             |     1 |     4 ||     5
Armor: Scale mail        |   111 |   123 ||   234
Dodge: Dodged            |    55 |    69 ||   124
Block: Kite shield       |    94 |    91 ||   185

Table legend:
 A = Non-vault XP
 B = Vault XP
 C = Vault XP percentage of total XP
 D = Non-vault monster count
 E = Vault monster count
 F = Vault count percentage of total count
                 A         B        C        D         E       F
            +---------+---------+-------+---------+---------+-------
      Total |     245 |      79 |  24.4 |      68 |       5 |   6.8
            +---------+---------+-------+---------+---------+-------
        D:1 |      44 |       0 |   0.0 |      21 |       0 |   0.0
        D:2 |      34 |       0 |   0.0 |      20 |       0 |   0.0
        D:3 |     104 |       0 |   0.0 |      23 |       0 |   0.0
        D:4 |      63 |      79 |  55.6 |       4 |       5 |  55.6
            +---------+---------+-------+---------+---------+-------
